 Dungeon Crawl Stone Soup version 0.25-a0-701-gb30f108f01 (webtiles) character file.

Game seed: 13537829299105663730, levelgen mode: deterministic

21 Iscandelvey the Vexing (level 2, -3/21 HPs)
             Began as a Demonspawn Arcane Marksman on Apr 3, 2020.
             Slain by a gnoll
             ... wielding a +0 spear
              (6 damage)
             ... on level 1 of the Dungeon.
             The game lasted 00:00:26 (269 turns).

Iscandelvey the Vexing (Demonspawn Arcane Marksman)  Turns: 269, Time: 00:00:27

Health: -3/21      AC:  2    Str: 10    XL:     2   Next: 65%
Magic:  0/3        EV: 12    Int: 14    God:
Gold:   8          SH:  0    Dex: 13    Spells: 2/3 levels left

rFire    . . .     SeeInvis .   a - +0 hunting sling
rCold    . . .     Gourm    .   (no shield)
rNeg     . . .     Faith    .   e - +0 robe
rPois    .         Spirit   +   (no helmet)
rElec    .         Reflect  .   (no cloak)
rCorr    .         Harm     .   (no gloves)
MR       .....                  (no boots)
Stlth    +.........             (no amulet)
HPRegen  0.07/turn              (no ring)
MPRegen  0.08/turn              (no ring)

@: no status effects
A: magic shield
a: no special abilities


You were on level 1 of the Dungeon.
You were not hungry.

You visited 1 branch of the dungeon, and saw 1 of its levels.

You collected 8 gold pieces.

Inventory:

Hand Weapons
 a - a +0 hunting sling (weapon)
Missiles
 b - 33 stones (quivered)
Armour
 e - a +0 robe (worn)
Jewellery
 c - an uncursed ring of flight {unknown}
Potions
 g - a potion of curing {unknown}
 h - a potion of flight {unknown}
 i - a potion of brilliance {unknown}
Comestibles
 f - a ration


   Skills:
 + Level 1.2 Fighting
 + Level 2.2 Slings
 + Level 2.0 Dodging
 + Level 1.0 Spellcasting
 + Level 3.4 Hexes


You had 2 spell levels left.
You knew the following spells:

 Your Spells              Type           Power        Failure   Level  Hunger
a - Corona                Hex            ##.....      6%          1    ##.....

Your spell library contained the following spells:

 Spells                   Type           Power        Failure   Level  Hunger
 Slow                     Hex            ##......     10%         2    ###....
 Inner Flame              Hex/Fire       #.......     36%         3    ####...
 Portal Projectile        Hex/Tloc       #.....       36%         3    ####...
 Cause Fear               Hex            ##........   54%         4    #####..
 Leda's Liquefaction      Hex/Erth       #.........   78%         4    #####..


Dungeon Overview and Level Annotations

Branches:
Dungeon (1/15)

Altars:


Innate Abilities, Weirdness & Mutations

When hurt, damage is shared between your health and your magic reserves.


Message History

Press: ? - help, Shift-Dir - straight line, f/p - gnoll
Aim: a gnoll, wielding a +0 spear (heavily wounded)
You shoot a stone.
The stone hits the gnoll but does no damage.
The gnoll is heavily wounded.
The gnoll closely misses you.
Firing (i - inventory)
b - 35 stones (quivered)
Press: ? - help, Shift-Dir - straight line, f/p - gnoll
Aim: a gnoll, wielding a +0 spear (heavily wounded)
You shoot a stone.
The stone hits the gnoll but does no damage.
The gnoll is heavily wounded.
The gnoll closely misses you.
Firing (i - inventory)
b - 34 stones (quivered)
Press: ? - help, Shift-Dir - straight line, f/p - gnoll
Aim: a gnoll, wielding a +0 spear (heavily wounded)
You shoot a stone. The stone hits the gnoll.
The gnoll is severely wounded.
The gnoll hits you from afar with a +0 spear.
You die...

......#########......########.
.....>........................
......####...##...............
......####.#.#######.(........
........).....# #..........
######.####..# #......†...
#....)......### #.........#
####.............# #.........#
#.............@..# #.........#
#........#####)(.# #####...###
#........# #g(.... ##..#
#........# #(..#.## ...#
#........# #...#.# ##..#
#..(.....# ..... ..
###........# .).... ##
#..........# .(.....
#.....†#####


You could see a gnoll.

Vanquished Creatures
  2 dart slugs (D:1)
  3 goblins (D:1)
  A hobgoblin (D:1)
  3 jackals (D:1)
  2 bats (D:1)
  A frilled lizard (D:1)
  4 kobolds (D:1)
  A rat (D:1)
17 creatures vanquished.

Notes
Turn   | Place    | Note
-------+----------+-------------------------------------------
     0 | D:1      | Iscandelvey the Demonspawn Arcane Marksman began the quest
                  | for the Orb.
     0 | D:1      | Reached XP level 1. HP: 15/15 MP: 2/2
    81 | D:1      | Gained mutation: When hurt, damage is shared between your
                  | health and your magic reserves. [demonic ancestry]
    81 | D:1      | Reached XP level 2. HP: 15/21 MP: 3/3
   269 | D:1      | Slain by a gnoll

Levels and vault maps discovered:
D:1:      onia_arrival_pyramid, layout_basic

Skill      XL: |  1  2 |
---------------+-------+-----
Slings         | 2 |  2.2
Dodging        | 2 |  2.0
Fighting       | |  1.2
Spellcasting   | |  1.0
Hexes          | |  3.4

Action                   || total
-------------------------++-------
 Fire: Hunting sling     ||    69
Dodge: Dodged            ||    23

Table legend:
 A = Non-vault XP
 B = Vault XP
 C = Vault XP percentage of total XP
 D = Non-vault monster count
 E = Vault monster count
 F = Vault count percentage of total count
                 A         B        C        D         E       F
            +---------+---------+-------+---------+---------+-------
      Total |      31 |       0 |   0.0 |      17 |       0 |   0.0
            +---------+---------+-------+---------+---------+-------
        D:1 |      31 |       0 |   0.0 |      17 |       0 |   0.0
            +---------+---------+-------+---------+---------+-------
